 Dungeon Crawl Stone Soup version 0.21.0 (webtiles) character file.

582 edsrzf the Conjurer (level 7, 0/42 HPs)
             Began as a Tengu Earth Elementalist on Jan 21, 2018.
             Was an Initiate of Okawaru.
             Slain by an ice beast (5 damage)
             ... on level 5 of the Dungeon.
             The game lasted 00:12:39 (3644 turns).

edsrzf the Conjurer (Tengu Earth Elementalist)      Turns: 3644, Time: 00:12:39

Health: 0/42       AC:  2    Str: 16    XL:     7   Next: 36%
Magic:  5/14       EV: 14    Int: 18    God:    Okawaru [......]
Gold:   169        SH:  0    Dex:  9    Spells: 8/14 levels left

rFire    . . .     SeeInvis .   a - +1 dagger (elec)
rCold    . . .     Gourm    .   (no shield)
rNeg     . . .     Faith    .   k - +0 robe of Proximity {Str+8 Dex-5}
rPois    .         Spirit   .   (helmet restricted)
rElec    .         Reflect  .   (no cloak)
rCorr    .         Harm     .   (no gloves)
MR       .....                  (boots unavailable)
Stlth    ++........             (no amulet)
HPRegen  0.14/turn              (no ring)
MPRegen  0.14/turn              (no ring)

@: flying quickly and evasively, quick
A: beak, talons 3, able to fly 1
a: Renounce Religion


You were on level 5 of the Dungeon.
You worshipped Okawaru.
Okawaru was noncommittal.
You were not hungry.

You visited 1 branch of the dungeon, and saw 5 of its levels.

You collected 169 gold pieces.

Inventory:

Hand Weapons
 a - a +1 dagger of electrocution (weapon)
 h - a +0 hand axe of freezing
 n - a +0 rapier
Missiles
 b - 99 stones (quivered)
 o - 13 poisoned needles
Armour
 k - the +0 robe of Proximity (worn) {Str+8 Dex-5}
   (You found it on level 4 of the Dungeon)

   It affects your strength (+8).
   It affects your dexterity (-5).
Scrolls
 c - a scroll of enchant armour {unknown}
 g - 2 scrolls of amnesia
 i - 3 scrolls of remove curse
 j - 2 scrolls of identify
 p - a scroll of magic mapping {unknown}
 q - a scroll of immolation {unknown}
 r - a scroll of fear {unknown}
 s - 2 scrolls of enchant weapon {unknown}
Potions
 f - a potion of curing {unknown}
 l - 2 potions of heal wounds {unknown}
 m - 2 potions of lignification {unknown}
 t - a potion of haste {unknown}
 u - a potion of mutation {unknown}
Books
 e - a book of Geomancy
Comestibles
 d - 2 rations


   Skills:
 + Level 3.9 Fighting
 - Level 2.1 Dodging
 - Level 2.0 Stealth
 + Level 4.2 Spellcasting
 * Level 6.2 Conjurations
 - Level 0.7 Transmutations
 - Level 2.1 Earth Magic


You had 8 spell levels left.
You knew the following spells:

 Your Spells              Type           Power        Failure   Level  Hunger
a - Stone Arrow           Conj/Erth      ###...       8%          3    ###....
b - Passwall              Tmut/Erth      #.........   12%         2    ##.....
X - Sandblast             Erth           ##....       6%          1    None


Dungeon Overview and Level Annotations

Branches:
Dungeon (5/15)             Temple (0/1) D:5

Altars:
Ashenzari
Okawaru
Yredelemnul
The Shining One

Shops:
D:4 :

Annotations:
D:3 edsrzf's ghost, amateur TeEE
D:5 Edmund


Innate Abilities, Weirdness & Mutations

You have a beak for a mouth.
You have claws for feet.
You can fly.


Message History

The orc warrior hits the bush with a war axe.
The scorpion barely misses you.
Casting: Stone Arrow
Confirm with . or Enter, or press ? or * to list all spells.
Aiming: Sandblast
Press: ? - help, Shift-Dir - straight line, f/p - bullfrog zombie
Aim: a bullfrog zombie (moderately damaged)
The blast of sand hits the scorpion.
The scorpion is heavily wounded.
b - 103 stones Something bites the bush but does no damage.
The orc wizard mumbles some strange words.
The orc wizard flickers and vanishes!
Deactivating autopickup; reactivate with Ctrl-A.
Casting: Sandblast
Confirm with . or Enter, or press ? or * to list all spells.
Aiming: Sandblast
Press: ? - help, Shift-Dir - straight line, f/p - scorpion
Aim: a scorpion (heavily wounded)
The blast of sand hits the scorpion.
The scorpion is almost dead.
b - 102 stones The scorpion stings you.
You are poisoned.
The scorpion poisons you!
Something bites the bush but does no damage.
Something hits the bush but does no damage.
Casting: Sandblast
Confirm with . or Enter, or press ? or * to list all spells.
Aiming: Sandblast
Press: ? - help, Shift-Dir - straight line, f/p - scorpion
Aim: a scorpion (almost dead)
The blast of sand misses the scorpion.
The blast of sand hits the bullfrog zombie.
The bullfrog zombie is severely damaged.
b - 101 stones You feel sick.
Something bites the bush but does no damage.
The scorpion barely misses you.
Something hits the bush.
Something bites the bush but does no damage.
Casting: Sandblast
Confirm with . or Enter, or press ? or * to list all spells.
Aiming: Sandblast
Press: ? - help, Shift-Dir - straight line, f/p - scorpion
Aim: a scorpion (almost dead)
The blast of sand hits the scorpion.
You kill the scorpion!
Okawaru accepts your kill.
Your Conjurations skill increases to level 6!
b - 100 stones You feel sick.
Something hits the bush but does no damage.
Press: ? - help, v - describe, . - travel
Here: a bullfrog zombie (severely damaged)
The floor.
Unknown command.
Casting: Sandblast
Confirm with . or Enter, or press ? or * to list all spells.
Aiming: Sandblast
Press: ? - help, Shift-Dir - straight line, f - bullfrog zombie
Aim: a bullfrog zombie (severely damaged)
The blast of sand hits the bullfrog zombie.
The bullfrog zombie is almost destroyed.
b - 99 stones The bullfrog zombie hits you.
You hit the bullfrog zombie.
Lightning courses through the bullfrog zombie!
You destroy the bullfrog zombie!
Okawaru accepts your kill.
You feel sick.
You feel sick.
You feel sick.
You feel sick.
As you read the scroll labeled GUFYRU FIDUTAU, it crumbles to dust.
You feel as if something is helping you.
It was a scroll of remove curse.
The ice beast hits you. The ice beast freezes you!
You feel sick.
As you read the scroll labeled FAFFOTZYUSI, it crumbles to dust.
It is a scroll of identify.
g - 2 scrolls of amnesia The ice beast hits you.
The ice beast freezes you!
* * * LOW HITPOINT WARNING * * *
You feel sick.
Found a cyan potion.
You feel sick.
Found a stone staircase leading down.
You feel sick.
You are no longer poisoned.
Okay, then.
There is a stone staircase leading down here.
The iguana hisses menacingly.
You found an alarm trap!
Really walk onto that alarm trap?
Okay, then.
You swoop lightly up into the air.
You feel very comfortable in the air.
You feel somewhat more hungry. The ice beast hits you.
* * * LOW HITPOINT WARNING * * *
The ice beast freezes you.
You die...

########.###..#
......^.......#
########a####...
#.# ##o# #l.#
#.## #Y# #@# #.#
#.# ... #.. #...
##.. ...


You could see an orc warrior, an ice beast, an iguana and a worker ant.

Vanquished Creatures
  Sigmund (D:2)
  2 ogres
  A scorpion (D:5)
  A hound (D:4)
  A bullfrog zombie (D:5)
  A worker ant (D:4)
  4 gnolls (D:4)
  2 adders (D:2)
  An ooze (D:1)
  An adder skeleton (D:4)
  4 worms
  2 dart slugs
  3 leopard geckos
  2 orcs (D:2)
  3 giant cockroaches
  7 hobgoblins
  A quokka (D:2)
  2 ball pythons (D:2)
  9 bats
  3 frilled lizards
  8 goblins
  9 kobolds
  6 rats
74 creatures vanquished.

Notes
Turn   | Place    | Note
-------+----------+-------------------------------------------
     0 | D:1      | edsrzf the Tengu Earth Elementalist began the quest for the Orb.
     0 | D:1      | Reached XP level 1. HP: 10/10 MP: 4/4
   175 | D:1      | Reached skill level 1 in Fighting
   175 | D:1      | Reached XP level 2. HP: 16/16 MP: 4/6
   830 | D:2      | Reached XP level 3. HP: 21/21 MP: 7/7
   989 | D:2      | Reached skill level 2 in Fighting
  1009 | D:2      | Learned a level 2 spell: Passwall
  1013 | D:2      | Learned a level 3 spell: Stone Arrow
  1102 | D:2      | Noticed Sigmund
  1213 | D:2      | Reached skill level 1 in Conjurations
  1226 | D:2      | Reached skill level 3 in Spellcasting
  1226 | D:2      | Reached XP level 4. HP: 23/26 MP: 7/9
  1322 | D:2      | Found a basalt altar of Yredelemnul.
  1391 | D:3      | Noticed edsrzf's ghost (amateur TeEE)
  1441 | D:4      | Got a heavy robe
  1452 | D:4      | Identified the cursed +0 robe of Proximity {Str+8 Dex-5} (You found it on level 4 of the Dungeon)
  1459 | D:4      | Reached skill level 2 in Conjurations
  1465 | D:4      | Noticed an ogre
  1520 | D:4      | Found a shattered altar of Ashenzari.
  1977 | D:4      | Gained mutation: You can fly. [Tengu growth]
  1977 | D:4      | Reached XP level 5. HP: 31/31 MP: 10/10
  1993 | D:4      | Reached skill level 3 in Conjurations
  2167 | D:4      | Found Wanoj's Book Emporium.
  2425 | D:2      | Killed Sigmund
  2425 | D:2      | Reached skill level 3 in Fighting
  2425 | D:2      | Reached skill level 4 in Conjurations
  2425 | D:2      | Reached XP level 6. HP: 21/37 MP: 1/12
  2861 | D:3      | Found a glowing golden altar of the Shining One.
  2970 | D:4      | Reached skill level 5 in Conjurations
  2994 | D:3      | Found an iron altar of Okawaru.
  2997 | D:3      | Became a worshipper of Warmaster Okawaru
  3447 | D:5      | Entered Level 5 of the Dungeon
  3478 | D:5      | Reached skill level 4 in Spellcasting
  3478 | D:5      | Reached XP level 7. HP: 42/42 MP: 9/14
  3560 | D:5      | Noticed Edmund
  3576 | D:5      | Found a staircase to the Ecumenical Temple.
  3589 | D:5      | Reached skill level 6 in Conjurations
  3600 | D:5      | Identified 4 scrolls of remove curse
  3603 | D:5      | Identified 3 scrolls of identify
  3603 | D:5      | Identified 2 scrolls of amnesia
  3644 | D:5      | Slain by an ice beast

Skill      XL: |  1  2  3  4  5  6  7 |
---------------+----------------------+-----
Fighting       | 1 2 3 |  3.9
Conjurations   | 1 2 4 5 6 |  6.2
Spellcasting   | 3 4 |  4.2
Dodging        | |  2.1
Stealth        | |  2.0
Transmutations | |  0.7
Earth Magic    | |  2.1

Action                   |  1- 3 |  4- 6 |  7- 9 || total
-------------------------+-------+-------+-------++-------
Melee: Unarmed           |    23 |       |       ||    23
       Kick              |    13 |     8 |       ||    21
       Peck              |     4 |     4 |       ||     8
       Hand axe          |    31 |       |       ||    31
       Dagger            |    24 |    60 |     1 ||    85
 Cast: Sandblast         |    25 |    19 |     8 ||    52
       Stone Arrow       |       |     9 |     5 ||    14
 Abil: Fly               |       |     1 |     1 ||     2
  Use: Scroll            |       |       |     2 ||     2
 Stab: Sleeping          |     1 |     2 |       ||     3
       Distracted        |     1 |       |       ||     1
  Eat: Chunk             |     1 |     3 |       ||     4
       Ration            |       |     1 |     1 ||     2
Armor: Robe              |    10 |     8 |     1 ||    19
Dodge: Dodged            |    50 |    34 |     3 ||    87
